 Dungeon Crawl Stone Soup version 0.30-a0-860-g512cf1e979 (webtiles) character file.

Game seed: 13742070985137309572

224 Rocko1345 the Slasher (level 5, -2/42 HPs)
             Began as a Demonspawn Chaos Knight on Mar 8, 2023.
             Was a Plaything of Xom.
             Slain by a gnoll
             ... wielding a +0 spear
              (7 damage)
             ... on level 2 of the Dungeon.
             The game lasted 00:05:23 (1097 turns).

Rocko1345 the Slasher (Demonspawn Chaos Knight)     Turns: 1097, Time: 00:05:23

Health: -2/42      AC:  5    Str: 12    XL:     5   Next: 67%
Magic:  5/5        EV: 11    Int: 13    God:    Xom [......]
Gold:   101        SH:  0    Dex: 17    Spells: 4/4 levels left

rFire   . . .      SeeInvis .    f - +0 whip (distort)
rCold   . . .      Faith    .    (no shield)
rNeg    . . .      Spirit   .    b - +2 leather armour
rPois   +          Reflect  .    (no helmet)
rElec   .          Rampage  .    (no cloak)
rCorr   .                        (no gloves)
Will    .....                    (no boots)
Stlth   +++                      (no amulet)
HPRegen 1.27/turn                m - ring of poison resistance
MPRegen 0.09/turn                (no ring)

@: mighty, attractive
A: powered by death 2, thin skeletal structure 1
a: Renounce Religion


You were on level 2 of the Dungeon.
You worshipped Xom.
You were a very special plaything of Xom.
You visited 1 branch of the dungeon, and saw 2 of its levels.

You collected 101 gold pieces.

Inventory:

Hand Weapons
 a - a +0 falchion of chaos
 f - a +0 whip of distortion (weapon)
Missiles
 l - 6 poisoned darts
Armour
 b - a +2 leather armour (worn)
Jewellery
 m - a ring of poison resistance (left hand)
Wands
 o - a wand of flame (10)
Scrolls
 d - a scroll of teleportation {unknown}
 e - 2 scrolls of silence {unknown}
 g - a scroll of noise {unknown}
 h - a scroll of brand weapon {unknown}
 j - a scroll of identify {unknown}
 k - a scroll of fog {unknown}
Potions
 i - a potion of mutation
Miscellaneous
 c - a piece from Xom's chessboard (11/15) (quivered)


   Skills:
 + Level 3.8 Fighting
 + Level 3.8 Long Blades
 + Level 1.9 Maces & Flails
 + Level 2.6 Armour
 + Level 1.3 Dodging
 + Level 1.7 Stealth


You had 4 spell levels left.
You didn't know any spells.
Your spell library was empty.

Dungeon Overview and Level Annotations

Branches:
Dungeon (2/15)

Altars:
Uskayaw


Innate Abilities, Weirdness & Mutations

You regenerate health from kills.
You have a somewhat thin skeletal structure. (Dex +2, Stealth+)


Message History

The ball python attacks as you move away!
The ball python bites you but does no damage.
The ball python closely misses you.
Things that are here:
a +0 scythe; a +0 robe; the human skeleton of Sigmund The ball python attacks as you move away!
The ball python bites you.
* * * LOW HITPOINT WARNING * * *
The ball python closely misses you. "The weather's been a little too boring around here."
You are now a very special plaything of Xom.
The ball python closely misses you. The ball python grabs you.
The ball python constricts you.
You escape the ball python's grasp.
The ball python attacks as you move away!
The ball python bites you.
* * * LOW HITPOINT WARNING * * *
The ball python attacks as you move away!
The ball python bites you.
* * * LOW HITPOINT WARNING * * *
The ball python closely misses you.
You closely miss the ball python.
The ball python bites you but does no damage.
The ball python misses you.
The ball python bites you but does no damage.
The ball python barely misses you.
You hit the ball python.
You kill the ball python!
The gnoll hits you from afar with a +0 spear.
* * * LOW HITPOINT WARNING * * *
It was a potion of attraction.
You feel attractive to monsters.
The gnoll hits you from afar with a +0 spear.
* * * LOW HITPOINT WARNING * * *
The gnoll is attracted toward you.
It was a potion of might.
You feel very mighty all of a sudden. The gnoll hits you with a +0 spear!
You die... "It's all fun and games until someone loses an eye."

#.#..####.#.# ##.# #.#>....#.#.#
#... #.#.###§#.#.# #...
#.#.#§§§§§#.#######...
#.#.#§##§§..#........[
#.#.#.#.).#.#[####....
#...#§#.#gg.#.#..#....
###g#.#g..#.#..#.#'#
#@#.'........#....
################.###.....#.##....
..............<..# #...#........_
################## #...#.).......
###.#......... #.#......#..
#.#........# #.#.#####..#
#.#........#


You could see a gnoll.

Vanquished Creatures
  Sigmund (D:2)
  4 adders (D:2)
  A ball python (D:2)
  4 endoplasms
  3 giant cockroaches (D:1)
  2 goblins (D:1)
  2 hobgoblins (D:2)
  2 jackals (D:2)
  A quokka (D:1)
  A bat (D:1)
  4 frilled lizards (D:1)
  4 kobolds (D:1)
  4 rats
33 creatures vanquished.

Notes
Turn   | Place    | Note
-------+----------+-------------------------------------------
     0 | D:1      | Rocko1345 the Demonspawn Chaos Knight began the quest for
                  | the Orb.
     0 | D:1      | Reached XP level 1. HP: 18/18 MP: 1/1
    79 | D:1      | XOM: silly message
   211 | D:1      | Gained mutation: You regenerate a little health from kills.
                  | [demonic ancestry]
   211 | D:1      | Reached XP level 2. HP: 24/24 MP: 2/2
   275 | D:1      | XOM: god gift: 13 gold pieces
   763 | D:2      | Noticed Sigmund
   778 | D:2      | Killed Sigmund
   779 | D:2      | Reached skill level 1 in Maces & Flails
   779 | D:2      | Reached skill level 1 in Dodging
   779 | D:2      | Reached skill level 1 in Stealth
   779 | D:2      | Reached XP level 3. HP: 30/30 MP: 3/3
   779 | D:2      | Gained mutation: You regenerate health from kills. [demonic
                  | ancestry]
   779 | D:2      | Reached XP level 4. HP: 37/37 MP: 4/4
   779 | D:2      | Reached XP level 5. HP: 42/42 MP: 5/5
   822 | D:2      | Found a hide-covered altar of Uskayaw.
   927 | D:2      | XOM: god gift: wand of flame (11)
   965 | D:2      | XOM: smoke on damage
  1029 | D:2      | XOM: butterfly on damage
  1068 | D:2      | Gained mutation: You have a somewhat thin skeletal
                  | structure. (Dex +2, Stealth+) [potion of mutation]
  1072 | D:2      | XOM: smoke on damage
  1087 | D:2      | XOM: fog
  1097 | D:2      | Slain by a gnoll

Illustrated notes

Levels and vault maps discovered:
D:1:      minmay_arrival_three_doors, layout_loops_cross
D:2:      layout_basic, basic_altar, uniq_sigmund

Skill      XL: |  1  2 |
---------------+-------+-----
Long Blades    | 3 |  3.8
Armour         | 2 |  2.6
Maces & Flails | 1 |  1.9
Dodging        | 1 |  1.3
Stealth        | 1 |  1.7
Fighting       | |  3.8

Action                     |  1- 3 |  4- 6 || total
---------------------------+-------+-------++-------
  Melee: Whip              |    47 |    45 ||    92
         Falchion          |     4 |       ||     4
  Evoke: Piece from Xom's  |     1 |     4 ||     5
         Wand              |       |     1 ||     1
    Use: Potion            |       |     3 ||     3
   Stab: Petrified         |     5 |       ||     5
         Sleeping          |     1 |     1 ||     2
 Armour: Leather armour    |    14 |    35 ||    49
  Dodge: Dodged            |    20 |    75 ||    95

Table legend: (Time is in decaauts)
 A = Elapsed time spent in this place.
 B = Non-inter-level travel time spent in this place.
 C = Inter-level travel time spent in this place.
 D = Time resting spent in this place.
 E = Time spent auto-exploring this place.
 F = Levels seen in this place.
 G = Mean time per level.
                   A        B        C        D        E       F      G
               +--------+--------+--------+--------+--------+-----+--------+
         Total |   1102 |   1077 |     25 |      4 |    628 |   2 |  551.0 |
       Dungeon |   1102 |   1077 |     25 |      4 |    628 |   2 |  551.0 |
               +--------+--------+--------+--------+--------+-----+--------+

Top non-repeatable levels by time:
     D:1: 713 daAuts
     D:2: 388 daAuts
